AoeStats
← Malelf

Arabia

507760557Analyzed
1v1 RM · 12d ago on Sep 19, 2026· 50m 37s· 2 players
Game mode
Random Map
Map size
Tiny (2 player)
Population
200
Speed
Normal
Resources
Standard
Victory
Conquest
Starting age
Dark Age
Ending age
Imperial Age
RankedLock teamsTeams togetherTeam positionsShared explorationLock speedFull tech treeHidden civsTurbo modeCheats
Victory
Defeat
🇪🇸 Hindustanis · Spain
1741
+15
🇮🇹 Romans · Italy
1723
-15
Malelf
10:10 Loom
12:14 Feudal Age
18:02 Castle Age
16:08 Double-Bit Axe
17:07 Fletching
18:14 Padded Archer Armor
18:22 Crossbowman
19:18 Bodkin Arrow
24:52 Wheelbarrow
24:57 Gold Mining
27:21 Leather Archer Armor
27:48 Ballistics
31:53 Scale Barding Armor
31:59 Forging
32:01 Bow Saw
32:29 Bloodlines
32:51 Horse Collar
34:17 Chain Barding Armor
41:45 Imperial Age
40:33 Husbandry
41:49 Heavy Plow
41:42 Town Watch
43:02 Scale Mail Armor
43:37 Iron Casting
43:42 Conscription
43:23 Man-at-Arms
44:04 Squires
44:17 Long Swordsman
45:45 Chain Mail Armor
46:31 Blast Furnace
45:52 Guilds
45:51 Legionary
51:00 Chemistry
CQ.MaSSa_V
8:15 Loom
10:51 Feudal Age
11:30 Man-at-Arms
13:29 Town Watch
15:15 Double-Bit Axe
16:30 Fletching
22:42 Castle Age
22:47 Crossbowman
23:25 Bodkin Arrow
23:52 Padded Archer Armor
24:52 Ballistics
25:00 Thumb Ring
25:40 Bow Saw
29:01 Wheelbarrow
28:17 Gold Mining
28:19 Stone Mining
31:05 Horse Collar
41:04 Hand Cart
41:26 Gold Shaft Mining
44:27 Imperial Age
43:08 Heavy Plow
43:26 Scale Barding Armor
45:23 Bracer
47:19 Chemistry
46:35 Heavy Cavalry Archer
Connection lost

Rejoining the realm…

Still unreachable

The connection could not be restored.

Session expired

The server has moved on; the page needs a fresh start.